 Dungeon Crawl Stone Soup version 0.27.1-34-g3ba077fa99 (webtiles) character file.

Game seed: 13054262364714631382

337 mcbry74 the Chopper (level 6, -2/51 HPs)
             Began as a Hill Orc Fighter on Jan 21, 2022.
             Was an Initiate of Gozag.
             Slain by a water moccasin (3 damage)
             ... on level 4 of the Dungeon.
             The game lasted 00:11:56 (2959 turns).

mcbry74 the Chopper (Hill Orc Fighter)              Turns: 2959, Time: 00:11:58

Health: -2/51      AC:  9    Str: 21    XL:     6   Next: 54%
Magic:  6/6        EV:  7    Int:  8    God:    Gozag
Gold:   225        SH:  9    Dex: 10    Spells: 5/5 levels left

rFire    . . .     SeeInvis .   v - +2 spear (vorpal)
rCold    . . .     Faith    .   c - +0 kite shield
rNeg     . . .     Spirit   .   k - +0 scale mail
rPois    .         Reflect  .   (no helmet)
rElec    .         Harm     .   u - +0 cloak
rCorr    .         Rampage  .   o - +0 pair of gloves
Will     .....                  (no boots)
Stlth    ..........             (no amulet)
HPRegen  0.17/turn              (no ring)
MPRegen  0.10/turn              (no ring)

@: lethally poisoned (-2 -> -4)
A: no striking features
a: Renounce Religion, Potion Petition, Call Merchant, Bribe Branch


You were on level 4 of the Dungeon.
You worshipped Gozag.
Gozag was aware of your devotion.
You visited 1 branch of the dungeon, and saw 4 of its levels.

You collected 265 gold pieces.
You paid 40 gold pieces to Gozag.

Inventory:

Hand Weapons
 a - a +0 war axe
 b - a +0 hunting sling
 t - a +1 flail of draining
 v - a +2 vorpal spear (weapon)
Missiles
 g - 129 stones
 x - 12 poisoned darts (quivered)
Armour
 c - a +0 kite shield (worn)
 k - a +0 scale mail (worn)
 o - a +0 pair of gloves (worn)
 u - a +0 cloak (worn)
Scrolls
 h - 2 scrolls of identify {unknown}
 i - a scroll of noise {unknown}
 j - a scroll of immolation {unknown}
 l - a scroll of enchant weapon {unknown}
 m - a scroll of acquirement {unknown}
 p - a scroll of teleportation {unknown}
 q - a scroll of amnesia {unknown}
 r - 2 scrolls of blinking {unknown}
 y - a scroll of enchant armour {unknown}
 z - a scroll of magic mapping {unknown}
Potions
 d - a potion of might
 e - a potion of ambrosia {unknown}
 f - a potion of brilliance {unknown}
 n - a potion of lignification {unknown}
 s - 2 potions of haste {unknown}
 w - a potion of mutation {unknown}
 A - a potion of heal wounds {unknown}
 B - a potion of resistance {unknown}


   Skills:
 - Level 3.6 Fighting
 * Level 6.6(7.6) Axes
 + Level 3.2(4.7) Maces & Flails
 + Level 3.2(4.8) Polearms
 - Level 3.2 Armour
 - Level 3.2 Shields


You had 5 spell levels left.
You didn't know any spells.
Your spell library contained the following spells:

 Spells                   Type           Power      Damage    Failure   Level
 Ozocubu's Armour         Ice            0%         N/A       100%        3
 Ozocubu's Refrigeration  Ice            0%         4d5       100%        7


Dungeon Overview and Level Annotations

Branches:
Dungeon (4/15)
 Temple: D:4-7

Altars:
Dithmenos
Gozag
Vehumet
Yredelemnul


Message History

The water moccasin poisons you!
You hit the water moccasin.
The water moccasin is severely wounded.
You feel very sick. The water moccasin bites you.
You block the water moccasin's attack.
You are too injured to fight recklessly!
You are too injured to fight recklessly!
You are too injured to fight recklessly!
You are too injured to fight recklessly!
You are too injured to fight recklessly!
You closely miss the water moccasin.
The water moccasin is severely wounded.
You feel very sick. You block the water moccasin's attack.
The water moccasin bites you but does no damage.
You closely miss the water moccasin.
The water moccasin is severely wounded.
You feel very sick. The water moccasin bites you.
* * * LOW HITPOINT WARNING * * *
You miss the water moccasin.
The water moccasin is severely wounded.
You feel sick. You block the water moccasin's attack.
The water moccasin bites you but does no damage.
You hit the water moccasin.
The water moccasin is severely wounded.
You feel sick. The water moccasin bites you!
* * * LOW HITPOINT WARNING * * *
The water moccasin closely misses you.
You closely miss the water moccasin.
The water moccasin is severely wounded.
* * * LOW HITPOINT WARNING * * *
You feel sick. You block the water moccasin's attack.
You closely miss the water moccasin.
The water moccasin is severely wounded.
* * * LOW HITPOINT WARNING * * *
You feel sick. You block the water moccasin's attack.
The water moccasin bites you.
You die...
Your body crumbles into a pile of gold.

#.#........ #...
##.#...###'# #...
#..'....##.# #...
#..#....##.. #...
#..#....##.# #(..
#..#....##.# #...
#..####.....
+..S######..########.
#...@......>........[
#...#.######.........
#...#.#.#.#.#.#.#.#.#
##+#.#.#.#.#.#.#.#.#<
##.#.#.#.#.#.#.#.#.#.#
#.#.#.#.#.#.#.#.#.#.#.
#.#.#.#.#.#.#.#.#.#.#
.######.#.#.#.#.#.#.#.#.#.
.......#.#.#.#.#.#.#.#.#.#


You could see a water moccasin.

Vanquished Creatures
  A human (D:3)
  A water moccasin skeleton (D:4)
  A human zombie (D:3)
  Jessica (D:2)
  An iguana (D:4)
  A gnoll (D:1)
  2 adders
  A worm (D:3)
  A dart slug (D:3)
  2 orcs
  3 endoplasms
  3 giant cockroaches
  4 goblins
  3 hobgoblins
  4 kobolds
  5 quokkas
  3 ball pythons
  5 bats
  3 frilled lizards
  A jackal zombie (D:3)
  A kobold zombie (D:3)
  3 rats
50 creatures vanquished.

Vanquished Creatures (others)
  4 gnolls (D:3)
  A hobgoblin (D:3)
  A rat (D:3)
6 creatures vanquished.

Grand Total: 56 creatures vanquished

Notes
Turn   | Place    | Note
-------+----------+-------------------------------------------
     0 | D:1      | mcbry74 the Hill Orc Fighter began the quest for the Orb.
     0 | D:1      | Reached XP level 1. HP: 19/19 MP: 1/1
    64 | D:1      | Reached skill level 3 in Axes
   287 | D:1      | Reached XP level 2. HP: 26/26 MP: 2/2
   359 | D:1      | Reached skill level 1 in Maces & Flails
   359 | D:1      | Reached skill level 1 in Polearms
   471 | D:1      | Reached XP level 3. HP: 28/31 MP: 3/3
   784 | D:2      | Noticed Jessica
   787 | D:2      | Reached skill level 4 in Axes
   788 | D:2      | Killed Jessica
   789 | D:2      | Reached XP level 4. HP: 38/39 MP: 4/4
   822 | D:2      | Found a faded altar of an unknown god.
   834 | D:2      | Became a worshipper of Vehumet
   834 | D:2      | Reached * piety under Vehumet
   834 | D:2      | Offered knowledge of Shock by Vehumet.
  1180 | D:3      | Found a shadowy altar of Dithmenos.
  1340 | D:3      | Noticed a human
  1341 | D:3      | Found a runed translucent door.
  1345 | D:3      | Found a basalt altar of Yredelemnul.
  1568 | D:3      | Reached skill level 5 in Axes
  1611 | D:3      | Reached XP level 5. HP: 45/45 MP: 5/5
  1883 | D:3      | Killed a human
  1884 | D:3      | Reached skill level 6 in Axes
  1884 | D:3      | Reached XP level 6. HP: 40/51 MP: 6/6
  1999 | D:3      | Found an opulent altar of Gozag.
  2017 | D:3      | Fell from the grace of Vehumet
  2017 | D:3      | Became a worshipper of Gozag Ym Sagoz the Greedy
  2939 | D:4      | Noticed a water moccasin
  2957 | D:4      | HP: 2/51 [water moccasin (7)]
  2959 | D:4      | Slain by a water moccasin

Illustrated notes

Levels and vault maps discovered:
D:1:      dpeg_arrival_three_same_balls, layout_rooms, grunt_decor_resistance,
          chequers_avenue
D:2:      layout_basic, basic_ecumenical_altar, minmay_misc_feat_room,
          uniq_jessica
D:3:      cheibrodos_helix_gallery, layout_loops_ring, dk_yredelemnul_ordeal,
          mainiacjoe_overflow_catwalk, nicolae_dithmenos_through_a_glass_darkly,
          kennysheep_nondescript
D:4:      layout_basic, amethyst_killhole, hangedman_feature_mirror,
          kennysheep_doodads

Skill      XL: |  1  2  3  4  5  6 |
---------------+-------------------+-----
Axes           | 3 4 5 6 |  6.6
Maces & Flails | 1 2 3 |  3.2
Polearms       | 1 2 3 |  3.2
Fighting       | |  3.6
Armour         | |  3.2
Shields        | |  3.2

Action                   |  1- 3 |  4- 6 || total
-------------------------+-------+-------++-------
Melee: War axe           |    54 |    63 ||   117
       Spear             |       |    71 ||    71
Throw: Stone             |     9 |       ||     9
       Dart              |       |    13 ||    13
 Stab: Distracted        |       |     1 ||     1
Armor: Scale mail        |    24 |    55 ||    79
Dodge: Dodged            |    24 |    36 ||    60
Block: Kite shield       |    37 |    62 ||    99
